 Dungeon Crawl Stone Soup version 0.31.0-9-g3a7656b989 (webtiles) character file.

Game seed: 2272932072104900922

522 qw the Skirmisher (level 7, -3/40 HPs)
             Began as a Deep Elf Hunter on Feb 2, 2024.
             Was a Follower of Okawaru.
             Slain by a black bear (6 damage)
             ... on level 5 of the Dungeon.
             The game lasted 00:00:14 (3523 turns).

qw the Skirmisher (Deep Elf Hunter)                 Turns: 3523, Time: 00:00:15

Health: -3/40      AC:  7    Str: 10    XL:     7   Next: 1%
Magic:  9/9        EV: 11    Int: 14    God:    Okawaru [*.....]
Gold:   256        SH:  0    Dex: 18    Spells: 6/6 levels left

rFire   . . .        a - +1 shortbow
rCold   . . .        (shield currently unavailable)
rNeg    . . .        g - +1 ring mail
rPois   .            (no helmet)
rElec   .            h - +0 cloak
rCorr   .            (no gloves)
SInv    .            (no boots)
Will    .....        (no amulet)
Stlth   +            (no ring)
HPRegen 0.26/turn    (no ring)
MPRegen 0.11/turn

%: no passive effects
@: no status effects
A: talons 1
a: Renounce Religion, Heroism


You were on level 5 of the Dungeon.
You worshipped Okawaru.
Okawaru was aware of your devotion.
You visited 2 branches of the dungeon, and saw 6 of its levels.

You collected 256 gold pieces.


Innate Abilities, Weirdness & Mutations

You have sharp toenails.


   Skills:
 - Level 2.0 Fighting
 - Level 10.7 Ranged Weapons
 + Level 2.5 Dodging
 - Level 1.2 Stealth
 + Level 0.3 Invocations


You had 6 spell levels left.
You didn't know any spells.
Your spell library was empty.

Inventory:

Hand Weapons
 a - a +1 shortbow (weapon)
Armour
 g - a +1 ring mail (worn)
 h - a +0 cloak (worn)
Jewellery
 b - the amulet "Lostroev" {Spirit rElec rN+}
   (You acquired it on level 3 of the Dungeon)

   [amulet of guardian spirit]

   Spirit:    It causes incoming damage to be divided between your reserves of
   health and magic.
   rElec:     It insulates you from electricity.
   rN+:       It protects you from negative energy.
Wands
 j - a wand of light (8)
Potions
 c - a potion of enlightenment {unknown}
 d - a potion of haste
 e - a potion of curing {unknown}

Dungeon Overview and Level Annotations

Branches:
Dungeon (5/15)             Temple (1/1) D:4

Altars:
Cheibriados
Elyvilon
Hepliaklqana
Kikubaaqudgha
Makhleb
Nemelex Xobeh
Okawaru
Qazlal
Sif Muna
Trog
Uskayaw
Vehumet
Wu Jian
Xom
Yredelemnul
The Shining One


Message History

You feel much better. The white imp gestures at you.
The puff of frost hits you!
The black bear bites you but does no damage.
The black bear claws you. The black bear misses you.
You shoot an arrow.
The arrow hits the white imp but does no damage.
The white imp is almost dead.
The black bear bites you but does no damage.
The black bear claws you but does no damage.
The black bear claws you.
The white imp hits you but does no damage.
You shoot an arrow. The arrow hits the white imp.
You kill the white imp!
Okawaru accepts your kill. The black bear bites you.
The black bear claws you. x2
You shoot an arrow. The arrow hits the black bear.
The black bear is moderately wounded.
The black bear bites you but does no damage.
The black bear claws you but does no damage. x2
You shoot an arrow.
The arrow hits the black bear but does no damage.
The black bear is moderately wounded.
The black bear bites you but does no damage.
The black bear closely misses you. The black bear claws you.
You shoot an arrow.
The arrow closely misses the black bear.
The black bear bites you but does no damage.
The black bear claws you but does no damage.
The black bear closely misses you.
You shoot an arrow. The arrow barely misses the black bear.
The black bear bites you. The black bear completely misses you.
The black bear claws you but does no damage.
You shoot an arrow. The arrow hits the black bear.
The black bear is moderately wounded.
The black bear closely misses you. x2; The black bear completely misses you.
You shoot an arrow. The arrow hits the black bear!
The black bear is heavily wounded.
The black bear bites you.
You die...

... ..# #.#
#.# #.# . #.#
... #.#
..$..###.####
......h@...<#
..###.%.....#
.....##.####
###.. #.# #.
... #. .....
# ......
........


You could see a black bear.

Vanquished Creatures
  Grinder (D:4)
  2 hounds (D:4)
  An orc wizard (D:3)
  6 adders
  7 gnolls (D:4)
  A white imp (D:5)
  3 dart slugs
  4 ribbon worms
  3 orcs
  6 endoplasms
  4 giant cockroaches
  10 goblins
  18 hobgoblins
  5 quokkas
  10 ball pythons
  6 bats
  3 frilled lizards
  3 kobolds
  3 rats
96 creatures vanquished.

Notes
Turn   | Place    | Note
-------+----------+-------------------------------------------
     0 | D:1      | qw the Deep Elf Hunter began the quest for the Orb.
     0 | D:1      | Reached XP level 1. HP: 12/12 MP: 3/3
     0 | D:1      | 0 ||| qw: Version: 0.3-a-155-g5e7d8dd
     0 | D:1      | 0 ||| qw: Game counter: 1755
     0 | D:1      | 0 ||| qw: Melee chars always use a shield: true
     0 | D:1      | 0 ||| qw: God list: Okawaru
     0 | D:1      | 0 ||| qw: Allow faded altars: false
     0 | D:1      | 0 ||| qw: Do Orc after clearing Dungeon:15 true
     0 | D:1      | 0 ||| qw: Do second Lair branch before Depths: true
     0 | D:1      | 0 ||| qw: Lair rune preference: random
     0 | D:1      | 0 ||| qw: Goals: Normal
     0 | D:1      | 0 ||| PLANNING D:1-11
    15 | D:1      | Found a faded altar of an unknown god.
    32 | D:1      | 32 ||| DROPPING +4 sling.
   172 | D:1      | Reached skill level 6 in Ranged Weapons
   172 | D:1      | Reached XP level 2. HP: 16/16 MP: 4/4
   691 | D:1      | 691 ||| UPGRADING to +0 ring mail.
   701 | D:1      | 701 ||| DROPPING +0 leather armour.
   702 | D:1      | 702 ||| READING scroll labelled VISHOM UTZOE.
   703 | D:1      | 703 ||| READING 2 scrolls labelled PIOZIM LESOSO.
   707 | D:1      | 707 ||| READING scroll labelled XOECIM NEIFENNUNG.
   707 | D:1      | 707 ||| IDENTIFYING blue potion
   708 | D:1      | 708 ||| READING scroll labelled QOISCH VIONAISE.
   709 | D:1      | 709 ||| DROPPING scroll of butterflies.
   710 | D:1      | 710 ||| DROPPING potion of brilliance.
   773 | D:2      | Reached XP level 3. HP: 7/20 MP: 5/5
  1065 | D:2      | Reached skill level 7 in Ranged Weapons
  1090 | D:2      | HP: 3/20 [quokka (3)]
  1091 | D:2      | 1091 ||| READING scroll of teleportation.
  1096 | D:2      | HP: 3/20 [quokka (2)]
  1415 | D:2      | Reached XP level 4. HP: 24/25 MP: 6/6
  1687 | D:2      | 1687 ||| DROPPING ring of wizardry.
  1688 | D:2      | 1688 ||| READING 2 scrolls of identify.
  1688 | D:2      | 1688 ||| IDENTIFYING cyan potion
  1689 | D:2      | 1689 ||| READING scroll of identify.
  1689 | D:2      | 1689 ||| IDENTIFYING smoky cyan potion
  1690 | D:2      | 1690 ||| READING scroll labelled CEOTEL JARRAG.
  1690 | D:2      | 1690 ||| ENCHANTING +0 shortbow.
  1691 | D:2      | 1691 ||| DROPPING potion of lignification.
  1721 | D:3      | Found a shimmering blue altar of Sif Muna.
  1721 | D:3      | Found an ancient bone altar of Kikubaaqudgha.
  1723 | D:3      | Found a radiant altar of Vehumet.
  1795 | D:3      | Found a white marble altar of Elyvilon.
  1926 | D:3      | Reached skill level 8 in Ranged Weapons
  2142 | D:3      | Found a shimmering altar of Xom.
  2225 | D:3      | Found a basalt altar of Yredelemnul.
  2521 | D:3      | 2521 ||| DROPPING ring of flight.
  2522 | D:3      | 2522 ||| READING scroll labelled BODAEN SAUX.
  2522 | D:3      | 2522 ||| ENCHANTING +0 ring mail.
  2523 | D:3      | 2523 ||| READING 3 scrolls labelled NIYFEA VEUWKA.
  2524 | D:3      | 2524 ||| READING scroll labelled GOSA FULASK.
  2524 | D:3      | Identified a scroll of acquirement
  2524 | D:3      | 2524 ||| ACQUIRING amulet "Lostroev" {Spirit rElec rN+}
  2524 | D:3      | Acquired the amulet "Lostroev" {Spirit rElec rN+}
  2526 | D:3      | 2526 ||| UPGRADING to amulet "Lostroev" {Spirit rElec rN+}.
  2531 | D:3      | 2531 ||| DRINKING 2 gluggy clear potions.
  2532 | D:3      | 2532 ||| DROPPING 2 scrolls of noise.
  2595 | D:4      | Reached XP level 5. HP: 29/29 MP: 7/7
  2672 | D:4      | Found a bloodstained altar of Trog.
  2696 | D:4      | Found a staircase to the Ecumenical Temple.
  2697 | D:4      | 2697 ||| PLANNING TEMPLE
  2701 | D:4      | 2701 ||| DRINKING 2 puce potions.
  2701 | D:4      | Gained mutation: You occasionally lose the ability to read
                  | scrolls when taking damage. [potion of mutation]
  2701 | D:4      | Gained mutation: You passively map a small area around you.
                  | [potion of mutation]
  2702 | D:4      | 2702 ||| DRINKING potion of mutation.
  2702 | D:4      | Lost mutation: You passively map a small area around you.
                  | [potion of mutation]
  2702 | D:4      | Lost mutation: You occasionally lose the ability to read
                  | scrolls when taking damage. [potion of mutation]
  2702 | D:4      | Gained mutation: You have an increased reservoir of magic.
                  | (+10% MP) [potion of mutation]
  2702 | D:4      | Lost mutation: You have an increased reservoir of magic.
                  | (+10% MP) [potion of mutation]
  2702 | D:4      | Gained mutation: You have sharp toenails. [potion of
                  | mutation]
  2734 | Temple   | Entered the Ecumenical Temple
  2735 | Temple   | 2735 ||| PLANNING OKAWARU WORSHIP
  2743 | Temple   | Became a worshipper of Warmaster Okawaru
  2744 | Temple   | 2744 ||| PLANNING D:1-11
  2744 | Temple   | 2744 ||| REMOVING amulet "Lostroev" {Spirit rElec rN+}.
  2938 | D:4      | Reached skill level 9 in Ranged Weapons
  3089 | D:4      | Reached XP level 6. HP: 35/35 MP: 8/8
  3263 | D:4      | Noticed Grinder
  3267 | D:4      | 3267 ||| ZAPPING wand of light (10) at -1,-5 (Grinder;
                  | floor).
  3268 | D:4      | 3268 ||| ZAPPING wand of light (9) at 0,-4 (Grinder;
                  | floor).
  3268 | D:4      | Paralysed by Grinder for 3 turns
  3271 | D:4      | 3271 ||| DRINKING 2 potions of haste.
  3285 | D:4      | 3285 ||| FLEEEEING.
  3287 | D:4      | 3287 ||| FLEEEEING.
  3288 | D:4      | 3288 ||| FLEEEEING.
  3291 | D:4      | Paralysed by Grinder for 4 turns
  3305 | D:4      | Killed Grinder
  3305 | D:4      | Reached * piety under Okawaru
  3306 | D:4      | Reached skill level 10 in Ranged Weapons
  3383 | D:4      | 3383 ||| UPGRADING to +0 cloak.
  3388 | D:4      | 3388 ||| READING scroll labelled BIUBBU YTOHUISK.
  3495 | D:5      | Entered Level 5 of the Dungeon
  3512 | D:5      | Reached XP level 7. HP: 17/40 MP: 9/9
  3514 | D:5      | HP: 10/40 [white imp (4)]
  3515 | D:5      | 3515 ||| DRINKING potion of heal wounds.
  3519 | D:5      | HP: 4/40 [black bear (3)]
  3523 | D:5      | Slain by a black bear

Levels and vault maps discovered:
D:1:      lightli_arrival_maybe_door_vault, layout_loops_ring,
          shapermc_ecumenical_altar_rom_forum, serial_forest,
          infiniplex_forest_fountain, infiniplex_forest_straight_4,
          infiniplex_forest_zigzag_1, infiniplex_forest_join,
          infiniplex_forest_lined_3
D:2:      minmay_diamond_boxcup, layout_basic
D:3:      layout_basic, kennysheep_ying_yang,
          grunt_temple_overflow_magic_moments, lemuel_crystal_altar
D:4:      layout_basic, mainiacjoe_overflow_brackets,
          minmay_temple_entry_mini_moons, uniq_grinder
D:5:      layout_rooms, pf_just_have_faith, serial_library_hellmonk_h_bend
Temple:   nicolae_temple_ecumenical_triangle

Skill      XL: |  1  2  3  4  5  6 |
---------------+-------------------+-----
Ranged Weapons | 6 7 8 9 10 | 10.7
Fighting       | 2 |  2.0
Dodging        | |  2.5
Stealth        | |  1.2
Invocations    | |  0.3

Action                     |  1- 3 |  4- 6 |  7- 9 || total
---------------------------+-------+-------+-------++-------
   Fire: Shortbow          |   125 |   180 |    11 ||   316
  Evoke: Wand              |       |     2 |       ||     2
    Use: Scroll            |     5 |     7 |       ||    12
         Potion            |       |     4 |     1 ||     5
 Armour: Leather armour    |     5 |       |       ||     5
         Ring mail         |    37 |    49 |    28 ||   114
  Dodge: Dodged            |    46 |    41 |    11 ||    98

Table legend:
 A = Non-vault XP
 B = Vault XP
 C = Vault XP percentage of total XP
 D = Non-vault monster count
 E = Vault monster count
 F = Vault count percentage of total count
                 A         B        C        D         E       F
            +---------+---------+-------+---------+---------+-------
      Total |     451 |     295 |  39.5 |      86 |      10 |  10.4
            +---------+---------+-------+---------+---------+-------
        D:1 |      32 |       0 |   0.0 |      19 |       0 |   0.0
        D:2 |      69 |      18 |  20.7 |      18 |       9 |  33.3
        D:3 |      70 |       0 |   0.0 |      17 |       0 |   0.0
        D:4 |     256 |     277 |  52.0 |      30 |       1 |   3.2
        D:5 |      24 |       0 |   0.0 |       2 |       0 |   0.0
            +---------+---------+-------+---------+---------+-------
